 Dungeon Crawl Stone Soup version 0.29-a0-451-gfbfa42419e (webtiles) character file.

Game seed: 14328949325251813235

46 Bruhh the Cudgeller (level 3, -9/23 HPs)
             Began as a Gargoyle Fighter on May 19, 2022.
             Mangled by Crazy Yiuf
             ... wielding a +3 quarterstaff of chaos
              (14 damage)
             ... on level 2 of the Dungeon.
             The game lasted 00:01:17 (2443 turns).

Bruhh the Cudgeller (Gargoyle Fighter)              Turns: 2443, Time: 00:01:18

Health: -9/23      AC: 10    Str: 21    XL:     3   Next: 68%
Magic:  3/3        EV:  9    Int:  8    God:
Gold:   142        SH:  4    Dex:  9    Spells: 2/2 levels left

rFire   . . .      SeeInvis .   a - +0 flail
rCold   . . .      Faith    .   c - +0 buckler
rNeg    + . .      Spirit   .   b - +0 scale mail
rPois   ∞          Reflect  .   (no helmet)
rElec   +          Harm     .   (no cloak)
rCorr   .          Rampage  .   (no gloves)
Will    .....                   (no boots)
Stlth   ..........              (no amulet)
HPRegen 0.07/turn               (no ring)
MPRegen 0.08/turn               (no ring)

@: mighty
A: sickness immunity, AC +3, negative energy resistance 1, electricity
resistance, torment resistance 1, petrification resistance
a: no special abilities


You were on level 2 of the Dungeon.
You visited 1 branch of the dungeon, and saw 2 of its levels.

You collected 142 gold pieces.

Inventory:

Hand Weapons
 a - a +0 flail (weapon)
Armour
 b - a +0 scale mail (worn)
 c - a +0 buckler (worn)
Scrolls
 h - a scroll of fog {unknown}
 j - 2 scrolls of magic mapping {unknown}
 k - 2 scrolls of blinking {unknown}
Potions
 e - a potion of haste {unknown}
 f - a potion of flight {unknown}
 g - 3 potions of heal wounds {unknown}
 i - a potion of brilliance {unknown}
 l - a potion of curing {unknown}


   Skills:
 - Level 3.2 Fighting
 + Level 3.9 Maces & Flails
 - Level 3.2 Armour
 - Level 3.2 Shields


You had 2 spell levels left.
You didn't know any spells.
Your spell library contained the following spells:

 Spells                   Type           Power      Damage    Failure   Level
 Frozen Ramparts          Ice            0%         1d2       99%         3
 Ice Form                 Ice/Tmut       0%         N/A       100%        4
 Summon Ice Beast         Ice/Summ       0%         N/A       100%        4


Dungeon Overview and Level Annotations

Branches:
Dungeon (2/15)

Altars:

Annotations:
D:2 Crazy Yiuf


Innate Abilities, Weirdness & Mutations

You are immune to sickness and miasma.
Your stone body is resilient. (AC +3)
You are immune to poison.
You resist negative energy. (rN+)
You are resistant to electric shocks. (rElec)
You are resistant to unholy torment.
You are immune to petrification.


Message History

You sock the goblin!
You kill the goblin!
No target in view!
No target in view!
There is a stone staircase leading down here.
Things that are here:
a +0 quarterstaff; a goblin corpse
Found a dagger.
A bat comes into view.
A bat is nearby!
You hit the bat.
You kill the bat!
Things that are here:
a +0 dagger; a bat corpse No target in view!
No target in view!
No target in view!
There is a stone staircase leading up here.
There is a stone staircase leading up here.
There is a stone staircase leading up here.
Key pressed, stopping explore.
Crazy Yiuf shouts!
Could not explore, unopened runed door.
You open the door.
Crazy Yiuf says, "I'm not crazy!"
You hit Crazy Yiuf but do no damage.
Crazy Yiuf screams, "Snoogle disdain ena!"
Crazy Yiuf hits you with a +3 quarterstaff of chaos!
You block Crazy Yiuf's attack.
You closely miss Crazy Yiuf.
Crazy Yiuf hits you with a +3 quarterstaff of chaos!
Crazy Yiuf freezes you.
* * * LOW HITPOINT WARNING * * *
You are too injured to fight recklessly!
You are too injured to fight recklessly!
You are too injured to fight recklessly!
You feel very mighty all of a sudden.
Crazy Yiuf hits you with a +3 quarterstaff of chaos!
Ouch! That really hurt!
You die...

..)>..<...................'......
###.##.###############....###.###
#.##.# #....###.### #.##.# #####
#........... #.##.# #..)#
#....##.<.). #.##.##### #...#
#..####..... #.##.....# ...
#........... #.##.##### #g#
########.##. #.##.# ♣♣@♣ #.##.
#.##.# ♣.♣♣ #.### #.######## ♣♣.♣
#.# #........# ♣.♣♣ #.###
########## ♣♣.♣♣ #.... ♣...♣♣
#.... ♣....♣ #.### #+..'# #.#
#....# #.###


You could see Crazy Yiuf.

Vanquished Creatures
  An adder (D:2)
  2 worms (D:2)
  An endoplasm (D:1)
  3 giant cockroaches (D:2)
  4 goblins
  3 hobgoblins (D:1)
  2 quokkas
  2 ball pythons
  3 bats
  3 frilled lizards
  4 kobolds
  2 rats (D:2)
30 creatures vanquished.

Notes
Turn   | Place    | Note
-------+----------+-------------------------------------------
     0 | D:1      | Bruhh the Gargoyle Fighter began the quest for the Orb.
     0 | D:1      | Reached XP level 1. HP: 14/14 MP: 1/1
   376 | D:1      | Reached XP level 2. HP: 17/19 MP: 2/2
  1121 | D:1      | Found a faded altar of an unknown god.
  1493 | D:2      | Reached XP level 3. HP: 16/23 MP: 3/3
  1944 | D:2      | Identified the +4 dagger of Currency {drain, rF+ rC+ Will-
                  | Stlth+}
  2099 | D:2      | Found a runed translucent door.
  2100 | D:2      | Noticed Crazy Yiuf
  2443 | D:2      | Mangled by Crazy Yiuf

Illustrated notes

Levels and vault maps discovered:
D:1:      dpeg_arrival_tiny_i, layout_basic,
          shapermc_ecumenical_altar_mp_vishouse, minmay_cupped
D:2:      layout_basic, minmay_worlds_worst_comb, uniq_crazy_yiuf_cottage

Skill      XL: |  1  2 |
---------------+-------+-----
Maces & Flails | 3 |  3.9
Fighting       | |  3.2
Armour         | |  3.2
Shields        | |  3.2

Action                   || total
-------------------------++-------
Melee: Flail             ||   100
  Use: Potion            ||     1
Armor: Scale mail        ||    64
Dodge: Dodged            ||    51
Block: Buckler           ||    22

Table legend: (Time is in decaauts)
 A = Elapsed time spent in this place.
 B = Non-inter-level travel time spent in this place.
 C = Inter-level travel time spent in this place.
 D = Time resting spent in this place.
 E = Time spent auto-exploring this place.
 F = Levels seen in this place.
 G = Mean time per level.
                   A        B        C        D        E       F      G
               +--------+--------+--------+--------+--------+-----+--------+
         Total |   2471 |   2450 |     21 |      0 |   2217 |   2 | 1235.5 |
       Dungeon |   2471 |   2450 |     21 |      0 |   2217 |   2 | 1235.5 |
               +--------+--------+--------+--------+--------+-----+--------+

Top non-repeatable levels by time:
     D:2: 1315 daAuts
     D:1: 1156 daAuts
